 Dungeon Crawl Stone Soup version 0.30-a0-800-g7c544603b3 (webtiles) character file.

Game seed: 12037434899025488285

84 Hubris850 the Ruffian (level 4, -4/45 (54) HPs)
             Began as a Draconian Transmuter on Feb 22, 2023.
             Slain by a kobold brigand
             ... wielding a +0 dagger
              (6 damage)
             ... in a sewer.
             The game lasted 00:06:14 (1433 turns).

Hubris850 the Ruffian (Draconian Transmuter)        Turns: 1433, Time: 00:06:14

HP:   -4/45 (54)    AC: 22    Str: 14    XL:     4   Next: 24%
MP:   6/7           EV:  2    Int: 14    God:
Gold: 110           SH:  0    Dex: 11    Spells: 4/7 levels left

rFire   . . .      SeeInvis .    d - +0 dagger
rCold   . . .      Faith    .    (no shield)
rNeg    . . .      Spirit   .    (body armour unavailable)
rPois   +          Reflect  .    (helmet currently unavailable)
rElec   .          Harm     .    (cloak currently unavailable)
rCorr   .          Rampage  .    (gloves currently unavailable)
Will    .....      NoTele   +    (boots currently unavailable)
Stlth   +                        (no amulet)
HPRegen 0.27/turn                (no ring)
MPRegen 0.10/turn                (no ring)

@: tree-form, heavily drained
A: stationary, stasis, torment immunity, boosted hp, AC +5, unfitting armour,
(cold-blooded)
a: no special abilities


You were in a sewer.
You were a tree.
You visited 1 branch of the dungeon, and saw 3 of its levels.
You also visited: Sewer.

You collected 110 gold pieces.

Inventory:

Hand Weapons
 d - a +0 dagger (weapon)
Missiles
 o - 3 poisoned darts
Armour
 f - a +2 pair of boots (melded)
 i - a +0 pair of gloves (melded)
Scrolls
 c - a scroll of enchant weapon {unknown}
 g - a scroll of acquirement {unknown}
 h - a scroll of fear {unknown}
 l - a scroll of amnesia {unknown}
 m - a scroll of noise {unknown}
Potions
 a - a potion of lignification
 b - a potion of mutation {unknown}
 e - a potion of might {unknown}
 j - a potion of brilliance {unknown}
 k - 2 potions of heal wounds {unknown}
 n - a potion of degeneration {unknown}


   Skills:
 - Level 2.0 Fighting
 + Level 3.0 Dodging
 + Level 4.0 Unarmed Combat
 - Level 2.0 Spellcasting
 - Level 2.0 Transmutations


You had 4 spell levels left.
You knew the following spells:

 Your Spells              Type           Power      Damage    Failure   Level
a - Beastly Appendage     Tmut           14%        N/A       11%         1
b - Wereblood             Tmut           7%         N/A       16%         2

Your spell library contained the following spells:

 Spells                   Type           Power      Damage    Failure   Level
 Spider Form              Tmut/Pois      4%         N/A       43%         3
 Ice Form                 Ice/Tmut       4%         N/A       83%         4


Dungeon Overview and Level Annotations

Branches:
Dungeon (3/15)              Sewer (1/1)

Altars:


Innate Abilities, Weirdness & Mutations

You are a tree.
Your roots penetrate the ground, keeping you stationary.
You cannot be teleported.
You are immune to unholy pain and torment.
Your maximum health is greatly increased.
Your equipment is partially melded.
((Your plain brown scales are hard. (AC +5)))
You cannot fit into any form of body armour.
((You are cold-blooded and may be slowed by cold attacks.))


Message History

The kobold brigand closely misses you.
Sorry, you're not good enough to have a special ability.
Unknown command.
You hit the kobold brigand but do no damage.
The kobold brigand is heavily wounded.
The kobold brigand barely misses you.
Really quaff the potion of lignification?
You turn into a tree.
Your +0 pair of gloves melds into your body.
Your +2 pair of boots melds into your body.
Your roots penetrate the ground.
The kobold brigand completely misses you.
You hit the kobold brigand.
The kobold brigand is severely wounded.
The kobold brigand hits you but does no damage.
You hit the kobold brigand.
The kobold brigand is almost dead.
The kobold brigand hits you but does no damage.
You completely miss the kobold brigand.
The kobold brigand is almost dead.
The kobold brigand hits you but does no damage.
You barely miss the kobold brigand.
The kobold brigand is almost dead.
Your primal bloodlust has ended.
The kobold brigand hits you but does no damage.
You closely miss the kobold brigand.
The kobold brigand is almost dead.
The kobold brigand hits you but does no damage.
You hit the kobold brigand but do no damage.
The kobold brigand is almost dead.
The kobold brigand hits you with a +0 dagger.
* * * LOW HITPOINT WARNING * * *
You closely miss the kobold brigand.
The kobold brigand is almost dead.
The kobold brigand hits you with a +0 dagger.
* * * LOW HITPOINT WARNING * * *
You hit the kobold brigand but do no damage.
The kobold brigand is almost dead.
The kobold brigand hits you with a +0 dagger.
You die...

#########
#...#≈≈≈#
#∩∩.#~≈~#
#...'~~~#
######~≈~#
#..[.#~≈~#
#..∩.#~≈~#
#....#~≈~#
#.)♣)#~≈~#
##K'##~~~#
#....#~≈~#
###...P#~≈~#
#....~†~~≈~#
##...~†~~≈~#
#...~P#~≈~#
#....~~#~~~#
#......#~≈~#


You could see a kobold brigand.

Vanquished Creatures
  A river rat (D:3)
  2 worms
  2 dart slugs (D:2)
  3 ball pythons
  7 bats
  5 endoplasms
  4 giant cockroaches
  10 goblins
  7 hobgoblins
  5 quokkas
  4 frilled lizards
  4 kobolds
  6 rats
60 creatures vanquished.

Notes
Turn   | Place    | Note
-------+----------+-------------------------------------------
     0 | D:1      | Hubris850 the Draconian Transmuter began the quest for the
                  | Orb.
     0 | D:1      | Reached XP level 1. HP: 16/16 MP: 3/3
   181 | D:1      | Reached XP level 2. HP: 22/23 MP: 3/5
   487 | D:1      | Learned a level 2 spell: Wereblood
   566 | D:2      | Reached XP level 3. HP: 27/29 MP: 6/6
   638 | D:2      | Identified the +0 leather armour "Suiletzues" {rPois rF+}
  1269 | D:3      | Reached XP level 4. HP: 31/36 MP: 3/7
  1318 | D:3      | Reached skill level 4 in Unarmed Combat
  1339 | D:3      | Found a glowing drain.
  1343 | Sewer    | Entered a sewer
  1399 | Sewer    | Noticed a kobold brigand
  1432 | Sewer    | HP: 2/45 [kobold brigand/+0 dagger (6)]
  1433 | Sewer    | Slain by a kobold brigand

Illustrated notes

Levels and vault maps discovered:
D:1:      dpeg_arrival_windows_large_door, layout_rooms
D:2:      layout_rooms, serial_curves, eino_curves_01, eino_curves_04
D:3:      layout_loops_ring, ebering_ecumenical_altar_hall,
          gup_sewer_entry_bowl, st_stairs_6, minmay_goblin_outpost
Sewer:    kennysheep_pipe_town

Skill      XL: |  1  2  3  4 |
---------------+-------------+-----
Dodging        | 2 3 |  3.0
Fighting       | 2 |  2.0
Unarmed Combat | 4 |  4.0
Spellcasting   | |  2.0
Transmutations | |  2.0

Action                     |  1- 3 |  4- 6 || total
---------------------------+-------+-------++-------
  Melee: Unarmed           |     9 |       ||     9
         Dagger            |   147 |    73 ||   220
         Kick              |    20 |       ||    20
         Headbutt          |    11 |     2 ||    13
         Tailslap          |    17 |     7 ||    24
         Punch             |     4 |     1 ||     5
   Cast: Beastly Appendage |    24 |     2 ||    26
         Wereblood         |     4 |     4 ||     8
    Use: Potion            |       |     1 ||     1
   Stab: Sleeping          |     2 |       ||     2
 Armour: Skin              |    47 |    43 ||    90
  Dodge: Dodged            |    92 |    81 ||   173

Table legend: (Time is in decaauts)
 A = Elapsed time spent in this place.
 B = Non-inter-level travel time spent in this place.
 C = Inter-level travel time spent in this place.
 D = Time resting spent in this place.
 E = Time spent auto-exploring this place.
 F = Levels seen in this place.
 G = Mean time per level.
                   A        B        C        D        E       F      G
               +--------+--------+--------+--------+--------+-----+--------+
         Total |   1452 |   1408 |     44 |     47 |    714 |   4 |  363.0 |
       Dungeon |   1355 |   1311 |     44 |     22 |    714 |   3 |  451.7 |
         Sewer |     96 |     96 |      0 |     25 |      0 |   1 |   96.0 |
               +--------+--------+--------+--------+--------+-----+--------+

Top non-repeatable levels by time:
     D:2: 490 daAuts
     D:1: 490 daAuts
     D:3: 374 daAuts
   Sewer: 96 daAuts
